 Dungeon Crawl Stone Soup version 0.26.0-45-g9c1d065592 (webtiles) character file.

Game seed: 16894427526855094344

(classic levelgen) 2823 thiole the Covert (level 9, -5/90 HPs)
             Began as an Octopode Hedge Wizard on Feb 1, 2021.
             Slain by an ice beast (14 damage)
             ... on level 7 of the Dungeon.
             The game lasted 00:27:01 (10332 turns).

thiole the Covert (Octopode Hedge Wizard)          Turns: 10332, Time: 00:27:01

Health: -5/90      AC: 24    Str:  9    XL:     9   Next: 73%
Magic:  7/16       EV:  2    Int: 19    God:
Gold:   1447       SH:  8    Dex: 12    Spells: 12/18 levels left

rFire    . . .     SeeInvis +   d - +2 dagger (freeze)
rCold    . . .     Faith    .   j - +3 buckler
rNeg     + + +     Spirit   .   (helmet currently unavailable)
rPois    +         Reflect  .   s - amulet of the acrobat
rElec    .         Harm     .   (no ring)
rCorr    .         Rampage  .   (no ring)
Will     .....     NoTele   +   (no ring)
Stlth    ++++......             (no ring)
HPRegen  0.25/turn              (no ring)
MPRegen  0.15/turn              (no ring)
                                (no ring)
                                (no ring)

@: tree-form
A: almost no armour, stealthy swim, (amphibious), 8 rings, (constrict 8), rugged
brown scales 1, see invisible, evolution 1
a: no special abilities


You were on level 7 of the Dungeon.
You were a tree.
You visited 1 branch of the dungeon, and saw 7 of its levels.
You also visited: Ossuary.

You collected 1447 gold pieces.

Inventory:

Hand Weapons
 a - a +0 dagger
 d - a +2 dagger of freezing (weapon)
Missiles
 m - 32 poisoned darts
Armour
 b - a +2 hat (melded)
 j - a +3 buckler (worn)
Jewellery
 s - an amulet of the acrobat (around neck)
 y - an uncursed amulet of regeneration {unknown}
Wands
 k - a wand of iceblast (3)
 q - a wand of polymorph (6)
Scrolls
 c - 7 scrolls of teleportation
 f - 5 scrolls of remove curse
 g - a scroll of acquirement
 l - a scroll of enchant armour
 n - a scroll of fog
 o - a scroll of immolation
 r - a scroll of blinking
 v - 2 scrolls of enchant weapon {unknown}
Potions
 h - 3 potions of berserk rage
 i - a potion of degeneration
 t - a potion of lignification
 u - a potion of mutation
 x - a potion of cancellation {unknown}
 z - 2 potions of magic {unknown}


   Skills:
 + Level 4.4 Fighting
 - Level 4.0 Dodging
 - Level 10.0 Stealth
 - Level 4.0 Shields
 - Level 5.0 Spellcasting
 - Level 4.0 Conjurations
 - Level 2.0 Summonings
 - Level 1.0 Translocations
 - Level 5.0 Air Magic
 - Level 3.0 Poison Magic


You had 12 spell levels left.
You knew the following spells:

 Your Spells              Type           Power        Failure   Level
a - Magic Dart            Conj           76%          2%          1
b - Call Imp              Summ           12%          9%          2
c - Mephitic Cloud        Conj/Pois/Air  19%          7%          3

Your spell library contained the following spells:

 Spells                   Type           Power        Failure   Level
 Blink                    Tloc           N/A          12%         2
 Conjure Flame            Conj/Fire      12%          16%         3
 Slow                     Hex            4%           19%         2


Dungeon Overview and Level Annotations

Branches:
Dungeon (7/15)            Ossuary (visited)
 Temple: D:4-7

Altars:
Gozag
Okawaru

Shops:
D:5 :   D:7 *


Innate Abilities, Weirdness & Mutations

You cannot wear most types of armour.
You are very stealthy in the water. (Stealth+)
((You are amphibious.))
You can wear up to eight rings at the same time.
((You can use your tentacles to constrict eight enemies at once.))
((Your skin blends seamlessly with your surroundings (Stealth++).))
((Your rubbery body absorbs attacks. (AC +1, EV +1)))
(You are partially covered in rugged brown scales. (AC +1, +3% HP))
You have supernaturally acute eyesight. (SInv)
((You can translocate small distances at will.))
You evolve.


Message History

The sky beast shocks you.
* * * LOW HITPOINT WARNING * * *
As you read the scroll of fear, it crumbles to dust.
You assume a fearsome visage.
The sky beast looks frightened!
The ice beast resists with some effort.
The worker ant zombie is unaffected.
The killer bee looks frightened!
The orc looks frightened!
You block the ice beast's attack.
You closely miss the ice beast.
The ice beast is severely wounded.
You block the ice beast's attack.
You hit the ice beast but do no damage.
The ice beast is severely wounded.
The ice beast hits you but does no damage.
The orc screams, "Help!"
You hit the ice beast.
The ice beast is severely wounded.
The ice beast hits you.
* * * LOW HITPOINT WARNING * * *
The ice beast freezes you!
You die...

..............
..............##
......./.........
#...............###
...........≈≈≈≈Y≈≈#
........≈≈≈≈.....≈#
#......o≈....⌠.⌠.≈#
.........)_Y..∩..≈#
........≈.)♣.⌠.⌠.≈#
#.#.....))(≈.....≈#
......)..)Z≈≈≈≈≈≈≈#
##...(..............
......##......#..###
##......##.#####.#
##...#. #..# .# #..
.. ...# . #.
<.......


You could see an ice beast, a sky beast (invisible, fleeing), an orc (fleeing)
and a worker ant zombie.

Vanquished Creatures
  An ice beast (D:6)
  3 orc warriors
  A sky beast (D:7)
  3 ogres
  3 centaurs
  3 elf zombies (Ossuary)
  2 bullfrogs
  3 scorpions (D:4)
  A water moccasin skeleton (D:5)
  3 killer bees (D:7)
  5 wights (D:6)
  2 howler monkeys (D:5)
  A bullfrog zombie (D:5)
  A quasit (D:6)
  A hound (D:4)
  An orc priest (D:7)
  6 orc wizards
  3 iguanas
  7 worker ants
  A hound zombie (Ossuary)
  3 mummies (Ossuary)
  8 gnolls
  8 adders
  A shadow imp (D:5)
  2 ufetubi (D:7)
  A worm (D:2)
  3 dart slugs
  2 leopard geckos
  31 orcs
  2 giant cockroaches
  A gnoll zombie (Ossuary)
  6 goblins
  3 hobgoblins
  2 jackals (D:1)
  7 kobolds
  4 quokkas
  A ball python (D:5)
  A ball python skeleton (D:5)
  6 bats
  A frilled lizard (D:1)
  2 goblin zombies (Ossuary)
  2 hobgoblin zombies (Ossuary)
  A jackal zombie (D:6)
  A quokka skeleton (D:6)
  6 rats
  2 rat zombies (Ossuary)
158 creatures vanquished.

Vanquished Creatures (collateral kills)
  2 ogres
  A hound (D:4)
  An iguana (D:5)
  2 orc wizards
  A worker ant (D:4)
  A mummy (Ossuary)
  A frilled lizard (D:5)
  A rat zombie (Ossuary)
10 creatures vanquished.

Vanquished Creatures (others)
  13 plants (D:2)
13 creatures vanquished.

Grand Total: 181 creatures vanquished

Notes
Turn   | Place    | Note
-------+----------+-------------------------------------------
     0 | D:1      | thiole the Octopode Hedge Wizard began the quest for the
                  | Orb.
     0 | D:1      | Reached XP level 1. HP: 11/11 MP: 4/4
   342 | D:1      | Reached XP level 2. HP: 11/17 MP: 0/6
   642 | D:1      | Reached skill level 1 in Fighting
  1509 | D:2      | Found a faded altar of an unknown god.
  1690 | D:2      | Reached XP level 3. HP: 21/24 MP: 7/7
  1996 | D:2      | Learned a level 2 spell: Call Imp
  2000 | D:2      | Learned a level 3 spell: Mephitic Cloud
  2003 | D:2      | Learned a level 2 spell: Blink
  2215 | D:2      | Found an iron altar of Okawaru.
  2768 | D:3      | Reached skill level 1 in Shields
  2768 | D:3      | Reached XP level 4. HP: 28/29 MP: 3/8
  4111 | D:4      | Reached XP level 5. HP: 15/34 MP: 4/9
  4942 | D:4      | Reached XP level 6. HP: 30/39 MP: 8/10
  5152 | D:4      | Reached skill level 1 in Air Magic
  5747 | D:4      | Reached XP level 7. HP: 20/45 MP: 2/11
  6304 | D:5      | Entered Level 5 of the Dungeon
  6370 | D:5      | Gained mutation: Your skin blends seamlessly with your
                  | surroundings (Stealth++). [potion of mutation]
  6370 | D:5      | Gained mutation: You are partially covered in rugged brown
                  | scales. (AC +1, +3% HP) [potion of mutation]
  6370 | D:5      | Gained mutation: You evolve. [potion of mutation]
  6411 | D:5      | HP: 1/46 [something (3)]
  7550 | D:5      | Reached skill level 5 in Air Magic
  7550 | D:5      | Reached skill level 3 in Stealth
  7578 | D:5      | Gained mutation: You can translocate small distances at
                  | will. [evolution]
  7897 | D:5      | Reached skill level 4 in Stealth
  7897 | D:5      | Reached XP level 8. HP: 7/51 MP: 10/12
  8254 | D:5      | Reached skill level 5 in Stealth
  8740 | D:5      | Found Qeyq's Book Emporium.
  8900 | D:5      | Reached skill level 6 in Stealth
  8933 | D:5      | Gained mutation: You have supernaturally acute eyesight.
                  | (SInv) [evolution]
  9059 | D:6      | Reached skill level 7 in Stealth
  9169 | D:6      | Reached skill level 8 in Stealth
  9173 | D:6      | Reached skill level 1 in Poison Magic
  9238 | D:6      | Identified a scroll of acquirement
  9238 | D:6      | Acquired 1022 gold pieces
  9396 | D:6      | Found a sand-covered staircase.
  9401 | Ossuary  | Entered an ossuary
  9432 | Ossuary  | Reached XP level 9. HP: 56/56 MP: 7/13
 10284 | D:7      | Found Gozag's Platinum Reserve.
 10284 | D:7      | Found an opulent altar of Gozag.
 10301 | D:7      | Reached skill level 5 in Spellcasting
 10311 | D:7      | Reached skill level 9 in Stealth
 10324 | D:7      | Reached skill level 10 in Stealth
 10332 | D:7      | Slain by an ice beast

Illustrated notes

Levels and vault maps discovered:
D:1:      minmay_arrival_checkered_box, layout_basic
D:2:      layout_loops_ring, chequers_ecumenical_altar_lobes, serial_forest,
          infiniplex_forest_lined_room_2, infiniplex_forest_clump_tiny,
          infiniplex_forest_clump_double, infiniplex_forest_lined_room_2,
          infiniplex_forest_clump_long, infiniplex_forest_clump_long,
          infiniplex_forest_clump_curved, infiniplex_forest_end_2,
          infiniplex_forest_clump_curved, kennysheep_okawaru_gauntlet
D:3:      layout_loops_ring
D:4:      layout_basic
D:5:      layout_basic, serial_shops, shop_fountains
D:6:      layout_rooms, enter_ossuary_2, minmay_small_thing
D:7:      layout_rooms, nicolae_gozag_zags_fifth_avenue,
          minmay_temple_entry_mist, gammafunk_ghost_wrathful_warriors,
          grunt_ministairs_9

Skill      XL: |  1  2  3  4  5  6  7  8  9 |
---------------+----------------------------+-----
Conjurations   | 2 4 |  4.0
Fighting       | 1 2 4 |  4.4
Shields        | 1 3 4 |  4.0
Summonings     | 2 |  2.0
Air Magic      | 2 5 |  5.0
Stealth        | 4 8 10 | 10.0
Dodging        | 4 |  4.0
Poison Magic   | 3 |  3.0
Spellcasting   | 5 |  5.0
Translocations | |  1.0

Action                   |  1- 3 |  4- 6 |  7- 9 || total
-------------------------+-------+-------+-------++-------
Melee: Dagger            |    43 |   106 |   302 ||   451
       Constrict         |    14 |    22 |    47 ||    83
       Tentacles         |     8 |    14 |    44 ||    66
 Cast: Magic Dart        |    50 |    39 |    55 ||   144
       Call Imp          |     1 |    15 |    27 ||    43
       Mephitic Cloud    |       |       |     7 ||     7
 Abil: Blink             |       |       |     1 ||     1
Evoke: Wand              |       |       |     9 ||     9
  Use: Scroll            |     2 |       |    13 ||    15
       Potion            |     1 |       |    14 ||    15
 Stab: Sleeping          |     3 |     6 |    16 ||    25
       Distracted        |       |     1 |       ||     1
       Confused          |       |       |     3 ||     3
Armor: Skin              |     1 |     6 |   113 ||   120
Dodge: Dodged            |    33 |    65 |   144 ||   242
Block: Buckler           |     6 |    32 |   107 ||   145
